[Event "AUT Bundesliga 2024-25"]
[Site "Austria"]
[Date "2025.04.05"]
[Round "10.15"]
[White "Erdos, Viktor"]
[Black "Zilka, Stepan"]
[Result "*"]
[Annotator "RC"]
[ECO "C65"]
[WhiteElo "2542"]
[BlackElo "2515"]
[PlyCount "60"]
[EventDate "2024.08.28"]
[EventType "team-tourn"]
[EventCountry "AUT"]
[SourceTitle "playchess.com"]
[Source "ChessBase"]
[SourceQuality "1"]
[TimeControl "40/5400+30:1800+30"]

1. e4 e5 2. Nf3 Nc6 3. Bb5 Nf6 4. d3 Ne7 5. Nc3 c6 6. Bc4 d6 7. d4 exd4 8. Qxd4 d5 9. exd5 Nexd5 10. Nxd5 cxd5 11. Bb5+ Bd7 12. Bxd7+ Qxd7 13. O-O Be7 14. Bg5 O-O 15. Qd3 h6 16. Bh4 Rad8 17. c3 Ne4 18. Bxe7 Qxe7 19. Nd4 Nc5 20. Qd2 Rfe8 21. Rad1 Qf6 22. Rfe1 Ne4 23. Qc2 Qa6 24. a3 Nf6 25. Nf5 Re6 26. Nd4 Ree8 27. Nf5 Re6 28. Nd4 Ree8 29. Nf5 Re6 30. Nd4 Ree8 *

[Event "AUT Bundesliga 2024-25"]
[Site "Austria"]
[Date "2025.04.05"]
[Round "10.16"]
[White "Hracek, Zbynek"]
[Black "Sankalp Gupta"]
[Result "1/2-1/2"]
[Annotator "RC"]
[ECO "B12"]
[WhiteElo "2538"]
[BlackElo "2548"]
[PlyCount "45"]
[EventDate "2024.08.28"]
[EventType "team-tourn"]
[EventCountry "AUT"]
[SourceTitle "playchess.com"]
[Source "ChessBase"]
[SourceQuality "1"]
[TimeControl "40/5400+30:1800+30"]

1. e4 c6 2. d4 d5 3. e5 c5 4. c3 Nc6 5. Be2 Bf5 6. Nf3 e6 7. O-O a6 8. Be3 Qb6 9. Nh4 Nge7 10. Qd2 cxd4 11. cxd4 Bxb1 12. Raxb1 Ng6 13. Nxg6 hxg6 14. b4 Bxb4 15. Qb2 Qa5 16. Rfc1 O-O 17. Rxc6 bxc6 18. Qxb4 Qxa2 19. Rb2 Qa1+ 20. Rb1 Qa2 21. Rb2 Qa1+ 22. Rb1 Qa2 23. Rb2 1/2-1/2

[Event "AUT Bundesliga 2024-25"]
[Site "Austria"]
[Date "2025.04.05"]
[Round "10.17"]
[White "Perunovic, Milos"]
[Black "Stalmach, Richard"]
[Result "0-1"]
[Annotator "RC"]
[ECO "B90"]
[WhiteElo "2501"]
[BlackElo "2427"]
[PlyCount "74"]
[EventDate "2024.08.28"]
[EventType "team-tourn"]
[EventCountry "AUT"]
[SourceTitle "playchess.com"]
[Source "ChessBase"]
[SourceQuality "1"]
[TimeControl "40/5400+30:1800+30"]

1. e4 c5 2. Nf3 d6 3. d4 cxd4 4. Nxd4 Nf6 5. Nc3 a6 6. Be3 e5 7. Nb3 Be6 8. h3 Be7 9. Qf3 O-O 10. O-O-O b5 11. g4 b4 12. Nd5 a5 13. Kb1 a4 14. Nd2 Nxd5 15. exd5 Bc8 16. Bd3 Nd7 17. g5 Qc7 18. Rhg1 Ba6 19. Bxa6 Rxa6 20. Qe2 Raa8 21. Ne4 Rfc8 22. Qd3 Ra5 23. h4 a3 24. b3 Rxd5 25. Qc4 Qxc4 26. bxc4 Rxd1+ 27. Rxd1 Rc6 28. c3 bxc3 29. Kc2 f5 30. gxf6 gxf6 31. Kb3 c2 32. Rg1+ Kf7 33. Nc3 Nb6 34. Bxb6 Rxb6+ 35. Kxc2 Rb2+ 36. Kd3 Rxf2 37. h5 f5 0-1

[Event "AUT Bundesliga 2024-25"]
[Site "Austria"]
[Date "2025.04.05"]
[Round "10.18"]
[White "Haba, Petr"]
[Black "Ivanisevic, Ivan"]
[Result "*"]
[Annotator "RC"]
[ECO "C45"]
[WhiteElo "2413"]
[BlackElo "2527"]
[PlyCount "51"]
[EventDate "2024.08.28"]
[EventType "team-tourn"]
[EventCountry "AUT"]
[SourceTitle "playchess.com"]
[Source "ChessBase"]
[SourceQuality "1"]
[TimeControl "40/5400+30:1800+30"]

1. e4 e5 2. Nf3 Nc6 3. d4 exd4 4. Nxd4 Bc5 5. Nb3 Bb6 6. Nc3 a5 7. Bb5 Nf6 8. Bg5 a4 9. Bxa4 Rxa4 10. Nxa4 Bxf2+ 11. Kxf2 Nxe4+ 12. Kg1 Nxg5 13. Qe1+ Ne6 14. h3 O-O 15. Kh2 d6 16. Rf1 Bd7 17. Nc3 Ne5 18. Rd1 Ng5 19. Qg3 h6 20. Nc5 Bc8 21. Nd3 Ng6 22. Nf4 Ne7 23. Nfd5 Ng6 24. Nf4 Ne5 25. Nd3 Ng6 26. Nf4 *

[Event "AUT Bundesliga 2024-25"]
[Site "Austria"]
[Date "2025.04.05"]
[Round "10.22"]
[White "Sebenik, Matej"]
[Black "Maiwald, Jens-Uwe"]
[Result "1/2-1/2"]
[Annotator "RC"]
[ECO "E52"]
[WhiteElo "2491"]
[BlackElo "2423"]
[PlyCount "60"]
[EventDate "2024.08.28"]
[EventType "team-tourn"]
[EventCountry "AUT"]
[SourceTitle "playchess.com"]
[Source "ChessBase"]
[SourceQuality "1"]
[TimeControl "40/5400+30:1800+30"]

1. d4 Nf6 2. c4 e6 3. Nc3 Bb4 4. Nf3 b6 5. e3 Bb7 6. Bd3 O-O 7. O-O d5 8. cxd5 exd5 9. Ne5 Bd6 10. f4 c5 11. Qf3 Nc6 12. Qh3 Nb4 13. Bb1 Ne4 14. dxc5 Bxe5 15. fxe5 Qe7 16. a3 Na6 17. b4 bxc5 18. Bb2 cxb4 19. Nxe4 dxe4 20. Ba2 Bc8 21. e6 Bxe6 22. Bxe6 Qxe6 23. Qxe6 fxe6 24. Rxf8+ Kxf8 25. axb4 Nxb4 26. Ba3 Rb8 27. Bxb4+ Rxb4 28. Rxa7 Rb1+ 29. Kf2 Rb2+ 30. Kf1 Rb1+ 1/2-1/2

[Event "AUT Bundesliga 2024-25"]
[Site "Austria"]
[Date "2025.04.05"]
[Round "10.27"]
[White "Martinovic, Sasa"]
[Black "Blohberger, Felix"]
[Result "1/2-1/2"]
[Annotator "RC"]
[ECO "D41"]
[WhiteElo "2549"]
[BlackElo "2511"]
[PlyCount "47"]
[EventDate "2024.08.28"]
[EventType "team-tourn"]
[EventCountry "AUT"]
[SourceTitle "playchess.com"]
[Source "ChessBase"]
[SourceQuality "1"]
[TimeControl "40/5400+30:1800+30"]

1. d4 Nf6 2. c4 e6 3. Nf3 d5 4. Nc3 c5 5. cxd5 cxd4 6. Qxd4 exd5 7. e4 dxe4 8. Qxd8+ Kxd8 9. Ng5 Be6 10. Nxe6+ fxe6 11. Bg5 Nc6 12. O-O-O+ Ke8 13. Bc4 Ne5 14. Bxe6 Nd3+ 15. Kc2 Nxf2 16. Bxf6 Nxd1 17. Rxd1 gxf6 18. Rd7 Rd8 19. Rxb7 Rd6 20. Bc4 Rd4 21. Be6 Rd6 22. Bc4 Rd4 23. Be6 Rd6 24. Bc4 1/2-1/2

[Event "AUT Bundesliga 2024-25"]
[Site "Austria"]
[Date "2025.04.05"]
[Round "10.29"]
[White "Livaic, Leon"]
[Black "Froewis, Georg"]
[Result "1-0"]
[Annotator "RC"]
[ECO "C11"]
[WhiteElo "2536"]
[BlackElo "2429"]
[PlyCount "69"]
[EventDate "2024.08.28"]
[EventType "team-tourn"]
[EventCountry "AUT"]
[SourceTitle "playchess.com"]
[Source "ChessBase"]
[SourceQuality "1"]
[TimeControl "40/5400+30:1800+30"]

1. e4 e6 2. d4 d5 3. Nc3 Nf6 4. e5 Nfd7 5. f4 c5 6. Nf3 Nc6 7. Be3 Be7 8. Qd2 a6 9. Be2 O-O 10. O-O b5 11. Nd1 f5 12. c3 Bb7 13. Nf2 Rc8 14. Ng5 Bxg5 15. fxg5 cxd4 16. cxd4 Qa5 17. Qxa5 Nxa5 18. Nd3 Nc4 19. Bc1 Nb8 20. b3 Nc6 21. Rf4 Nb6 22. Ba3 Rf7 23. Kf2 Nd7 24. Ke3 Ne7 25. Rff1 a5 26. Bd6 b4 27. Nf4 Rc3+ 28. Kf2 Nc8 29. Nxe6 Nxd6 30. exd6 Nb6 31. Rac1 Nc8 32. Rxc3 bxc3 33. Nd8 Rd7 34. Nxb7 Rxb7 35. Ba6 1-0

[Event "AUT Bundesliga 2024-25"]
[Site "Austria"]
[Date "2025.04.05"]
[Round "10.36"]
[White "Balogh, Csaba"]
[Black "Karelina, Polina"]
[Result "1-0"]
[Annotator "RC"]
[ECO "B07"]
[WhiteElo "2542"]
[BlackElo "1903"]
[PlyCount "55"]
[EventDate "2024.08.28"]
[EventType "team-tourn"]
[EventCountry "AUT"]
[SourceTitle "playchess.com"]
[Source "ChessBase"]
[SourceQuality "1"]
[TimeControl "40/5400+30:1800+30"]

1. e4 d6 2. d4 Nf6 3. Nc3 g6 4. Bg5 c6 5. f4 b5 6. a3 Bg7 7. Nf3 a6 8. Bd3 Nbd7 9. e5 dxe5 10. fxe5 Nd5 11. Nxd5 cxd5 12. O-O Qb6 13. Kh1 Nf8 14. a4 b4 15. a5 Qa7 16. Bd2 Bg4 17. h3 h5 18. Bxb4 Ne6 19. c3 Qd7 20. Bc2 Kf8 21. Qe1 Nf4 22. hxg4 hxg4+ 23. Nh2 g5 24. g3 Rh3 25. Rd1 Qe6 26. Rd2 Nh5 27. Bf5 Qh6 28. Rg1 1-0